 Dungeon Crawl Stone Soup version 0.23.0-28-g6fe0f4d (webtiles) character file.

Game seed: 9576248527630151161

11783 Kairos the Cleaver (level 11, -1/58 HPs)
             Began as a Vine Stalker Fighter on Feb 25, 2019.
             Was a High Priest of Okawaru.
             Slain by a komodo dragon (15 damage)
             ... on level 2 of the Lair of Beasts.
             The game lasted 00:19:26 (9234 turns).

Kairos the Cleaver (Vine Stalker Fighter)           Turns: 9234, Time: 00:19:27

Health: -1/58      AC: 15    Str: 21    XL:     11   Next: 83%
Magic:  0/13       EV: 10    Int:  8    God:    Okawaru [*****.]
Gold:   246        SH: 11    Dex: 12    Spells: 10/10 levels left

rFire    . . .     SeeInvis .   G - +3 hand axe
rCold    . . .     Gourm    .   c - +0 shield
rNeg     . . .     Faith    .   H - +2 scale mail "Vaesyas" {+Blink rPois Dex-3}
rPois    +         Spirit   +   (no helmet)
rElec    .         Reflect  .   l - +2 cloak
rCorr    .         Harm     .   E - +1 pair of gloves
MR       +....                  (no boots)
Stlth    ..........             (no amulet)
HPRegen  0.59/turn              C - ring of flight
MPRegen  0.13/turn              (no ring)

@: no status effects
A: fangs 3, regeneration 1, magic shield, antimagic bite, no potion heal 3, rot
immunity
a: Heroism, Finesse, Renounce Religion, Evoke Blink, Evoke Flight


You were on level 2 of the Lair of Beasts.
You worshipped Okawaru.
Okawaru was extremely pleased with you.
You were hungry.

You visited 3 branches of the dungeon, and saw 12 of its levels.
You also visited: Sewer.

You collected 480 gold pieces.
You spent 234 gold pieces at shops.

Inventory:

Hand Weapons
 a - a +0 war axe
 B - a +1 trident of protection
 F - a +3 flail
 G - a +3 hand axe (weapon)
Missiles
 o - 17 tomahawks (quivered)
 u - 8 exploding tomahawks
Armour
 c - a +0 shield (worn)
 l - a +2 cloak (worn)
 p - a scarf of repulsion
 q - a +4 chain mail of positive energy
 E - a +1 pair of gloves (worn)
 H - the +2 scale mail "Vaesyas" (worn) {+Blink rPois Dex-3}
   (You bought it in a shop on level 8 of the Dungeon)

   It affects your dexterity (-3).
   It protects you from poison.
   It lets you blink.
Jewellery
 C - a ring of flight (left hand)
Wands
 j - a wand of random effects (27)
 n - a wand of disintegration (12)
 D - a wand of acid (8)
Scrolls
 b - 2 scrolls of blinking
 r - 3 scrolls of magic mapping
 s - 7 scrolls of teleportation
 v - 3 scrolls of fear
 w - 4 scrolls of fog
 x - 2 scrolls of immolation
 y - a scroll of torment
 z - a scroll of noise {unknown}
 A - a scroll of remove curse {unknown}
 I - a scroll of amnesia
 K - a scroll of identify
Potions
 d - 5 potions of might
 e - 4 potions of brilliance
 g - a potion of agility
 h - 8 potions of curing
 i - a potion of haste
 k - 2 potions of flight {unknown}
 m - 3 potions of magic
 t - 2 potions of resistance {unknown}
Miscellaneous
 J - a lightning rod (4/4)
Comestibles
 f - 25 rations


   Skills:
 + Level 7.2 Fighting
 + Level 10.8 Axes
 + Level 1.0 Throwing
 + Level 6.7 Armour
 + Level 3.2 Dodging
 + Level 1.5 Stealth
 + Level 8.4 Shields
 + Level 1.3 Invocations
 + Level 1.0 Evocations


You had 10 spell levels left.
You didn't know any spells.
Your spell library contained the following spells:

 Spells                   Type           Power        Failure   Level  Hunger
 Confusing Touch          Hex            #.....       94%         1    ##.....
 Confuse                  Hex            #.......     100%        3    ####...
 Gell's Gravitas          Tloc           #.........   100%        3    ####...
 Petrify                  Tmut/Erth      #.......     100%        4    #####..
 Metabolic Englaciation   Hex/Ice        #.........   100%        5    ######.
 Yara's Violent Unravell  Hex/Tmut       #.........   100%        5    ######.


Dungeon Overview and Level Annotations

Branches:
Dungeon (9/15)             Temple (1/1) D:4            Lair (2/6) D:9
  Swamp: Lair:2-4    Shoals: Lair:2-4     Snake: Lair:2-4    Spider: Lair:2-4
    Orc: D:9-12

Altars:
Ashenzari
Cheibriados
Dithmenos
Elyvilon
Fedhas
Gozag
Hepliaklqana
Kikubaaqudgha
Okawaru
Qazlal
Ru
Sif Muna
Trog
Vehumet
Xom
Zin
The Shining One

Shops:
D:8 [


Innate Abilities, Weirdness & Mutations

You have razor-sharp teeth.
Your natural rate of healing is unusually fast.
When hurt, damage is shared between your health and your magic reserves.
Your bite disrupts and absorbs the magic of your enemies.
Potions cannot restore your health.
You are immune to rotting.


Message History

Unknown command.
You are too injured to fight recklessly!
You are too injured to fight recklessly!
You are too injured to fight recklessly!
You closely miss the komodo dragon.
You bite the komodo dragon, but do no damage.
The komodo dragon is severely wounded.
You hit the komodo dragon.
You bite the komodo dragon, but do no damage.
The komodo dragon is severely wounded.
The komodo dragon bites you!
* * * LOW HITPOINT WARNING * * *
You barely miss the komodo dragon. Your bite misses the komodo dragon.
The komodo dragon is severely wounded.
You feel like a meek peon again. The komodo dragon barely misses you.
Your shield and scale mail "Vaesyas" prevent you from hitting the komodo dragon.
The komodo dragon is severely wounded.
The komodo dragon bites you!!
You die...

.# #. ...# #
#^. #...#.#
.... #...#.
#.... #....
......
#....###....#.
#...........
#..<..#
#.@†.#.....
#.l>........
#...P.......
#....#....(^.
#...P##.P.....
#>...# ..#....
....## ###....
...P ..


You could see a komodo dragon.

Vanquished Creatures
  A spiny frog (Lair:1)
  2 komodo dragons (Lair:1)
  A troll (D:9)
  Grinder (D:3)
  Prince Ribbit (D:6)
  6 hippogriffs
  A meliai zombie (D:8)
  Sigmund (D:6)
  A redback (Lair:2)
  17 yaks
  Eustachio (D:9)
  A human (D:7)
  3 hogs (D:7)
  Grum (Lair:1)
  2 steam dragons (D:8)
  Menkaure (D:4)
  A water moccasin (Lair:1)
  2 porcupines (D:9)
  Duvessa (D:6)
  2 orc warriors
  A black bear (D:9)
  A necrophage (D:9)
  A phantom (D:6)
  8 wolves (Lair:1)
  4 ogres
  3 centaurs
  3 crocodiles
  2 big kobolds (D:8)
  8 bullfrogs
  4 scorpions
  A wyvern skeleton (D:8)
  Dowan (D:6)
  12 wights
  3 howler monkeys (D:9)
  2 crimson imps
  A bullfrog zombie (D:5)
  2 centaur zombies
  5 jellies
  6 hounds
  5 bullfrog skeletons
  Jessica (D:2)
  3 orc wizards
  3 iguanas
  A worker ant (D:8)
  7 gnolls
  21 adders
  5 river rats
  3 shadow imps
  3 oozes (Sewer)
  9 worms
  7 leopard geckos
  35 orcs
  11 ball pythons
  4 giant cockroaches
  4 goblins
  5 hobgoblins
  7 jackals
  6 quokkas
  5 bats
  5 frilled lizards
  A jackal skeleton (D:8)
  16 kobolds
  36 rats
  A fungus (Lair:2)
319 creatures vanquished.

Vanquished Creatures (others)
  8 fungi
  6 plants (D:9)
14 creatures vanquished.

Grand Total: 333 creatures vanquished

Notes
Turn   | Place    | Note
-------+----------+-------------------------------------------
     0 | D:1      | Kairos the Vine Stalker Fighter began the quest for the
                  | Orb.
     0 | D:1      | Reached XP level 1. HP: 11/11 MP: 2/2
   190 | D:1      | Reached XP level 2. HP: 16/16 MP: 1/3
   333 | D:1      | Reached skill level 2 in Axes
   694 | D:2      | Found an ancient bone altar of Kikubaaqudgha.
   694 | D:2      | Found a hazy altar of Hepliaklqana.
   694 | D:2      | Found a radiant altar of Vehumet.
   735 | D:2      | Noticed Jessica
   738 | D:2      | Killed Jessica
   738 | D:2      | Reached XP level 3. HP: 20/20 MP: 4/4
   772 | D:2      | Found a bloodstained altar of Trog.
   834 | D:2      | Gained mutation: Your natural rate of healing is unusually
                  | fast. [Vine Stalker growth]
   834 | D:2      | Reached XP level 4. HP: 21/24 MP: 5/5
   909 | D:2      | Found a shattered altar of Ashenzari.
  1398 | D:3      | Reached skill level 3 in Axes
  1398 | D:3      | Reached XP level 5. HP: 9/28 MP: 2/6
  1919 | D:3      | Found a faded altar of an unknown god.
  2124 | D:4      | Noticed Grinder
  2392 | D:3      | HP: 1/28 [Grinder (2)]
  2684 | D:4      | Noticed Menkaure
  2692 | D:4      | Killed Menkaure
  2692 | D:4      | Reached XP level 6. HP: 6/32 MP: 4/7
  2906 | D:3      | Killed Grinder
  2906 | D:3      | Reached skill level 4 in Axes
  2906 | D:3      | Reached skill level 1 in Dodging
  2906 | D:3      | Reached skill level 1 in Stealth
  2906 | D:3      | Reached XP level 7. HP: 36/36 MP: 8/8
  3121 | D:4      | Reached skill level 1 in Evocations
  3156 | D:4      | Found a staircase to the Ecumenical Temple.
  3176 | Temple   | Entered the Ecumenical Temple
  3205 | Temple   | Became a worshipper of Warmaster Okawaru
  3468 | D:5      | Entered Level 5 of the Dungeon
  3574 | D:5      | Found an opulent altar of Gozag.
  3616 | D:5      | Reached skill level 5 in Axes
  3642 | D:5      | Gained mutation: You have razor-sharp teeth. [Vine Stalker
                  | growth]
  3642 | D:5      | Reached XP level 8. HP: 42/42 MP: 9/9
  3651 | D:5      | Reached * piety under Okawaru
  4025 | D:6      | Noticed Duvessa
  4025 | D:6      | Noticed Dowan
  4031 | D:6      | Killed Dowan
  4042 | D:6      | Killed Duvessa
  4042 | D:6      | Reached skill level 6 in Axes
  4107 | D:6      | Noticed Prince Ribbit
  4124 | D:6      | Killed Prince Ribbit
  4168 | D:6      | Noticed Eustachio
  4226 | D:6      | Found a glowing drain.
  4235 | Sewer    | Entered a sewer
  4401 | Sewer    | Reached skill level 5 in Armour
  4401 | Sewer    | Reached XP level 9. HP: 44/46 MP: 8/10
  4478 | Sewer    | Reached skill level 7 in Axes
  4479 | Sewer    | Reached ** piety under Okawaru
  4611 | D:6      | Noticed Sigmund
  4646 | D:6      | Killed Sigmund
  4677 | D:6      | Reached skill level 5 in Shields
  4926 | D:6      | Reached skill level 8 in Axes
  5014 | D:6      | Reached skill level 5 in Fighting
  5565 | D:7      | Found an opulent altar of Gozag.
  5566 | D:7      | Found a glowing silver altar of Zin.
  5601 | D:7      | Found a shadowy altar of Dithmenos.
  5804 | D:7      | Found a shimmering altar of Xom.
  5907 | D:7      | Reached *** piety under Okawaru
  5912 | D:7      | Reached skill level 1 in Throwing
  5912 | D:7      | Reached XP level 10. HP: 50/51 MP: 11/11
  5916 | D:7      | Reached skill level 9 in Axes
  6197 | D:8      | Reached **** piety under Okawaru
  6546 | D:8      | Found Nibiqit's Antique Armour Shop.
  7000 | D:8      | Received a gift from Okawaru
  7193 | D:9      | Found a shattered altar of Ashenzari.
  7350 | D:9      | Paralysed by a hornet for 2 turns
  7385 | D:9      | Reached skill level 1 in Invocations
  7488 | D:9      | Killed Eustachio
  7650 | D:8      | Bought a shimmering scale mail for 234 gold pieces
  7660 | D:8      | Identified the +2 scale mail "Vaesyas" {+Blink rPois Dex-3}
                  | (You bought it in a shop on level 8 of the Dungeon)
  7740 | D:9      | Reached XP level 11. HP: 33/56 MP: 8/12
  7755 | D:9      | Reached skill level 10 in Axes
  7895 | D:9      | Found a staircase to the Lair.
  8010 | D:9      | Reached ***** piety under Okawaru
  8153 | Lair:1   | Entered Level 1 of the Lair of Beasts
  8357 | Lair:1   | Noticed Grum
  8378 | Lair:1   | Killed Grum
  9234 | Lair:2   | Slain by a komodo dragon

Skill      XL: |  1  2  3  4  5  6  7  8  9 10 11 |
---------------+----------------------------------+-----
Axes           | 2 3 4 5 6 8 9 10 | 10.8
Fighting       | 3 4 5 6 7 |  7.2
Shields        | 3 4 5 7 8 |  8.4
Armour         | 3 4 5 6 |  6.7
Dodging        | 1 2 3 |  3.2
Stealth        | 1 |  1.5
Evocations     | 1 |  1.0
Throwing       | 1 |  1.0
Invocations    | 1 |  1.3

Action                   |  1- 3 |  4- 6 |  7- 9 | 10-12 || total
-------------------------+-------+-------+-------+-------++-------
Melee: War axe           |    60 |   111 |   426 |   113 ||   710
       Bite              |    11 |    28 |   122 |   185 ||   346
       Hand axe          |       |       |       |   402 ||   402
Throw: Tomahawk          |       |       |     8 |       ||     8
Invok: Heroism           |       |       |     7 |    13 ||    20
Evoke: Wand              |       |     5 |       |       ||     5
  Use: Scroll            |       |     2 |    13 |     5 ||    20
       Potion            |       |     2 |       |     1 ||     3
  Eat: Chunk             |       |     5 |    12 |    11 ||    28
Armor: Scale mail        |    25 |    37 |       |    82 ||   144
       Chain mail        |       |     2 |   173 |   130 ||   305
Dodge: Dodged            |    16 |    37 |    97 |   148 ||   298
Block: Shield            |    34 |    58 |   214 |   282 ||   588
